 Dungeon Crawl Stone Soup version 0.28.0 (webtiles) character file.

Game seed: 10779374341790933530

77 Sanktem7 the Covered (level 4, -2/31 (41) HPs)
             Began as a Minotaur Fighter on Feb 9, 2022.
             Slain by Ijyb (5 damage)
             ... on level 3 of the Dungeon.
             The game lasted 00:03:15 (1700 turns).

Sanktem7 the Covered (Minotaur Fighter)             Turns: 1700, Time: 00:03:16

HP:   -2/31 (41)    AC:  8    Str: 22    XL:     4   Next: 13%
MP:   3/3           EV:  9    Int:  5    God:
Gold: 22            SH:  4    Dex: 10    Spells: 3/3 levels left

rFire   . . .      SeeInvis .   a - +0 long sword
rCold   . . .      Faith    .   c - +0 buckler
rNeg    . . .      Spirit   .   b - +0 scale mail
rPois   .          Reflect  .   (helmet restricted)
rElec   .          Harm     .   (no cloak)
rCorr   .          Rampage  .   (no gloves)
Will    .....                   o - +0 pair of boots
Stlth   ..........              (no amulet)
HPRegen 0.10/turn               (no ring)
MPRegen 0.08/turn               (no ring)

@: heavily drained
A: horns 2, retaliatory headbutt
a: no special abilities


You were on level 3 of the Dungeon.
You visited 1 branch of the dungeon, and saw 3 of its levels.

You collected 22 gold pieces.

Inventory:

Hand Weapons
 a - a +0 long sword (weapon)
Armour
 b - a +0 scale mail (worn)
 c - a +0 buckler (worn)
 o - a +0 pair of boots (worn)
Jewellery
 e - a ring of resist corrosion
 g - an amulet of regeneration
 m - an amulet of the acrobat
 n - a ring of ice
Scrolls
 f - a scroll of fog {unknown}
 h - 2 scrolls of identify {unknown}
 i - a scroll of teleportation {unknown}
Potions
 d - a potion of might
 j - a potion of degeneration {unknown}
 k - a potion of curing {unknown}
 l - a potion of mutation {unknown}


   Skills:
 + Level 4.3 Fighting
 + Level 3.4 Long Blades
 + Level 4.4 Armour
 + Level 0.2 Dodging
 + Level 4.2 Shields


You had 3 spell levels left.
You didn't know any spells.
Your spell library contained the following spells:

 Spells                   Type           Power      Damage    Failure   Level
 Magic Dart               Conj           0%         1d3       87%         1
 Slow                     Hex            0%         N/A       87%         1
 Call Imp                 Summ           0%         N/A       95%         2
 Mephitic Cloud           Conj/Pois/Air  0%         N/A       99%         3


Dungeon Overview and Level Annotations

Branches:
Dungeon (3/15)

Altars:
Xom

Annotations:
D:3 Ijyb


Innate Abilities, Weirdness & Mutations

You have a pair of horns on your head.
You reflexively headbutt those who attack you in melee.


Message History

Ijyb hits you with a +5 dagger of draining.
You feel drained. The rat barely misses you. The adder bites you.
Ijyb hits you with a +5 dagger of draining.
You feel drained. The rat bites you but does no damage.
You can move again.
Unknown command.
You completely miss Ijyb.
Ijyb is moderately wounded.
The adder bites you.
* * * LOW HITPOINT WARNING * * *
Ijyb hits you with a +5 dagger of draining.
* * * LOW HITPOINT WARNING * * *
You feel drained.
* * * LOW HITPOINT WARNING * * *
The rat closely misses you. The adder closely misses you.
You hit the rat. You headbutt the rat, but do no damage.
The rat is heavily wounded.
The adder barely misses you.
Ijyb hits you with a +5 dagger of draining.
* * * LOW HITPOINT WARNING * * *
You feel drained. The rat barely misses you. The adder bites you.
* * * LOW HITPOINT WARNING * * *
You closely miss the rat. Your headbutt misses the rat.
The rat is heavily wounded.
Ijyb screams, "I dance on your bones!" Ijyb barely misses you.
The rat bites you but does no damage. The adder completely misses you.
The rat misses you. You furiously retaliate!
You headbutt the rat.
You kill the rat!
Ijyb hits you with a +5 dagger of draining.
* * * LOW HITPOINT WARNING * * *
You feel drained.
You slash the adder!
The adder is almost dead.
You block the adder's attack. The adder barely misses you.
You furiously retaliate!
You headbutt the adder!
You kill the adder!
Ijyb hits you with a +5 dagger of draining.
You die...

#.....# #.. #.....# #..
#....## #.# #....# #.#
#....# #.#
#####################.#
.....................#
.#..#.†#..#..#..#..#...#
......g@....†..........#
.#..#.†#..#..#..#..#...#
......................#
#######################


You could see Ijyb.

Vanquished Creatures
  4 adders
  A worm (D:2)
  2 dart slugs (D:1)
  5 ball pythons
  4 endoplasms
  3 giant cockroaches
  A goblin (D:1)
  3 hobgoblins (D:1)
  4 jackals (D:1)
  6 bats
  3 frilled lizards
  2 kobolds
  6 rats
44 creatures vanquished.

Vanquished Creatures (others)
  A plant (D:1)
1 creature vanquished.

Grand Total: 45 creatures vanquished

Notes
Turn   | Place    | Note
-------+----------+-------------------------------------------
     0 | D:1      | Sanktem7 the Minotaur Fighter began the quest for the Orb.
     0 | D:1      | Reached XP level 1. HP: 19/19 MP: 0/0
   112 | D:1      | Found a faded altar of an unknown god.
   116 | D:1      | Reached XP level 2. HP: 25/27 MP: 1/1
   130 | D:1      | Got Plato's Disquisition on Curses
   637 | D:1      | Reached XP level 3. HP: 33/33 MP: 2/2
  1327 | D:2      | Reached XP level 4. HP: 27/41 MP: 3/3
  1647 | D:3      | Found a shimmering altar of Xom.
  1684 | D:3      | Noticed Ijyb
  1686 | D:3      | Paralysed by Ijyb for 3 turns
  1691 | D:3      | Paralysed by Ijyb for 6 turns
  1700 | D:3      | Slain by Ijyb

Illustrated notes

Levels and vault maps discovered:
D:1:      dpeg_arrival_simpleton_a, layout_basic,
          shapermc_ecumenical_altar_rom_forum
D:2:      layout_rooms, minmay_misc_feat_hallway
D:3:      layout_rooms, nzn_overflow_gifts_of_might_and_magic,
          mainiacjoe_overflow_alcove_2, minmay_misc_feat_x,
          columned_hall_lemuel, uniq_natasha, uniq_grinder, uniq_terence,
          uniq_ijyb

Skill      XL: |  1  2  3 |
---------------+----------+-----
Fighting       | 4 |  4.3
Armour         | 4 |  4.4
Shields        | 4 |  4.2
Long Blades    | 3 |  3.4
Dodging        | |  0.2

Action                   |  1- 3 |  4- 6 || total
-------------------------+-------+-------++-------
Melee: Long sword        |    89 |     8 ||    97
       Headbutt          |     8 |     3 ||    11
Armor: Scale mail        |    51 |    10 ||    61
Dodge: Dodged            |    47 |    16 ||    63
Block: Buckler           |    25 |     1 ||    26
